Map: Jagannatha LE

Players

Astrea - Winner!

  • Race: Protoss Protoss
  • League: Master
  • Spawn Location: 1:00

goblin

  • Race: Protoss Protoss
  • League: Master
  • Spawn Location: 7:00

Event: Cheeseadelphia Winter Championship 2021

VOD

Have the link to the VOD?

Description

Time

  • Played on: Jan. 23, 2021, 1:13 p.m.
  • Length: 4:55

All games in this series

Show
View Real Time Build Order
Export as new Build Order

Astrea Protoss - Winner!

Build Orders: Dark Templar Rush 

Get SALT Encoding   

  12  0:00  Probe  
  13  0:12  Probe  
  14  0:17  Pylon  
  14  0:24  Probe (Chrono Boost)  
  15  0:36  Probe (Chrono Boost)  
  15  0:37  Gateway  
  16  0:44  Probe (Chrono Boost)  
  16  0:46  Assimilator  
  17  0:51  Probe  
  17  0:55  Assimilator  
  18  1:03  Probe (Chrono Boost)  
  19  1:08  Gateway  
  19  1:13  Probe (Chrono Boost)  
  19  1:18  Probe (Chrono Boost)  
  20  1:25  Cybernetics Core  
  21  1:29  Probe  
  22  1:35  Pylon  
  22  1:41  Probe  
  23  1:53  Probe  
  24  2:02  Warp Gate  
  24  2:03  Twilight Council  
  24  2:07  Adept  
  24  2:08  Adept  
  28  2:13  Probe  
  29  2:20  Pylon  
  30  2:37  Adept  
  30  2:38  Adept  
  30  2:40  Dark Shrine  
  33  2:54  Probe  
  33  2:56  Pylon  
  38  3:15  Shield Battery  
  34  3:26  Probe, Nexus  
  35  3:38  Probe  
  36  3:50  Probe  
  36  3:54  Dark Templar x2  
  41  3:58  Robotics Facility  
  41  4:01  Pylon  
  41  4:04  Probe  
  42  4:16  Probe  
  43  4:28  Probe  
  44  4:40  Probe  
Show
View Real Time Build Order
Export as new Build Order

goblin Protoss 

Build Orders: Phoenix Opening 

Get SALT Encoding   

  12  0:00  Probe  
  13  0:12  Probe  
  14  0:17  Pylon  
  14  0:24  Probe (Chrono Boost)  
  15  0:36  Gateway, Probe (Chrono Boost)  
  16  0:44  Probe (Chrono Boost)  
  16  0:46  Assimilator  
  17  0:51  Probe  
  17  0:54  Assimilator  
  18  1:03  Probe (Chrono Boost)  
  19  1:08  Gateway  
  19  1:13  Probe (Chrono Boost)  
  19  1:18  Probe (Chrono Boost)  
  20  1:24  Cybernetics Core  
  21  1:29  Probe  
  22  1:35  Pylon  
  22  1:41  Probe  
  23  1:57  Probe  
  24  2:01  Stalker  
  24  2:03  Stalker  
  24  2:06  Warp Gate  
  28  2:10  Pylon  
  28  2:29  Stargate  
  28  2:48  Nexus  
  27  2:55  Probe  
  28  2:59  Stalker  
  30  3:10  Probe  
  30  3:12  Shield Battery  
  31  3:13  Phoenix (Chrono Boost)  
  33  3:24  Pylon, Probe  
  34  3:32  Phoenix (Chrono Boost)  
  36  3:36  Probe  
  36  3:40  Shield Battery  
  37  3:55  Phoenix (Chrono Boost)  
  37  4:01  Stalker  
  41  4:03  Stalker, Shield Battery  
  43  4:15  Probe  
  43  4:16  Probe  
  47  4:28  Pylon, Probe  
  47  4:31  Pylon  
Tags
 
Add a new tag
Caveats
  • Supply blocks, unpowered buildings, or Contaminate may cause inaccurate times.
  • Supply counts are checked every 10 seconds.